 Dungeon Crawl Stone Soup version 0.29.0-5-ge4962eb29e (webtiles) character file.

Game seed: 10267799024035989164

2711 Revguard the Trooper (level 9, -2/68 HPs)
             Began as a Demonspawn Cinder Acolyte on Aug 29, 2022.
             Was a High Priest of Ignis.
             Slain by a yak (8 damage)
             ... on level 6 of the Dungeon.
             The game lasted 00:17:24 (6813 turns).

Revguard the Trooper (Demonspawn Cinder Acolyte)    Turns: 6813, Time: 00:17:25

Health: -2/68      AC:  9    Str: 14    XL:     9   Next: 39%
Magic:  15/15      EV: 13    Int: 15    God:    Ignis [*****.]
Gold:   289        SH:  0    Dex: 26    Spells: 7/16 levels left

rFire   + . .      SeeInvis .   f - +7 long sword of Nas Eluz {flame, rN+}
rCold   . . .      Faith    .   (no shield)
rNeg    + . .      Spirit   .   c - +2 ring mail
rPois   .          Reflect  .   (no helmet)
rElec   .          Harm     .   (no cloak)
rCorr   .          Rampage  .   s - +0 pair of gloves
Will    .....                   (no boots)
Stlth   +.........              (no amulet)
HPRegen 0.21/turn               j - +6 ring of dexterity
MPRegen 0.14/turn               l - +6 ring of dexterity

@: no status effects
A: demonic guardian 1, powered by death 1, demonic touch 2
a: Renounce Religion, Fiery Armour, Foxfire Swarm, Rising Flame


You were on level 6 of the Dungeon.
You worshipped Ignis.
Ignis was extremely pleased with you.
You visited 2 branches of the dungeon, and saw 7 of its levels.

You collected 289 gold pieces.

Inventory:

Hand Weapons
 f - the +7 long sword of Nas Eluz (weapon) {flame, rN+}
   (You acquired it on level 2 of the Dungeon)

   It burns those it strikes, dealing additional fire damage.
   Big, fiery blades are also staple armaments of hydra-hunters.
   rN:        It protects you from negative energy.
Armour
 c - a +2 ring mail (worn)
 s - a +0 pair of gloves (worn)
Jewellery
 j - a +6 ring of dexterity (left hand)
 l - a +6 ring of dexterity (right hand)
Wands
 b - a wand of charming (26)
 n - a wand of iceblast (18)
Scrolls
 a - 2 scrolls of magic mapping
 e - a scroll of vulnerability {unknown}
 o - 7 scrolls of blinking
 q - a scroll of enchant weapon
 u - 3 scrolls of teleportation
 x - a scroll of brand weapon
Potions
 d - 2 potions of heal wounds
 g - a potion of brilliance
 h - 4 potions of curing
 i - a potion of attraction
 m - 2 potions of haste
 p - 2 potions of cancellation


   Skills:
 + Level 5.5 Fighting
 + Level 5.0 Long Blades
 + Level 4.1 Armour
 + Level 4.0 Dodging
 + Level 4.1 Spellcasting
 + Level 4.1 Conjurations
 + Level 4.9 Fire Magic
 + Level 3.9 Evocations


You had 7 spell levels left.
You knew the following spells:

 Your Spells              Type           Power      Damage    Failure   Level
a - Scorch                Fire           36%        2d7       7%          2
b - Conjure Flame         Conj/Fire      16%        6-21      16%         3
c - Sticky Flame          Conj/Fire      16%        2d4       47%         4

Your spell library contained the following spells:

 Spells                   Type           Power      Damage    Failure   Level
 Stone Arrow              Conj/Erth      18%        3d8       41%         3
 Blink                    Tloc           6%         N/A       45%         2
 Ensorcelled Hibernation  Hex/Ice        6%         N/A       45%         2
 Ignite Poison            Fire/Tmut/Pois 8%         N/A       45%         3
 Spider Form              Tmut/Pois      3%         N/A       71%         3
 Anguish                  Hex/Necr       1%         N/A       98%         4
 Animate Armour           Summ/Erth      6%         N/A       98%         4
 Manifold Assault         Tloc           3%         N/A       100%        5
 Enfeeble                 Hex            1%         N/A       100%        7
 Storm Form               Tmut/Air       1%         N/A       100%        7
 Lehudib's Crystal Spear  Conj/Erth      4%         10d3      100%        8


Dungeon Overview and Level Annotations

Branches:
Dungeon (6/15)             Temple (1/1) D:5

Altars:
Ashenzari
Cheibriados
Dithmenos
Fedhas
Gozag
Kikubaaqudgha
Makhleb
Nemelex Xobeh
Okawaru
Ru
Sif Muna
Trog
Uskayaw
Vehumet
Wu Jian
Xom
Yredelemnul


Innate Abilities, Weirdness & Mutations

A weak demonic guardian rushes to your aid.
You regenerate a little health from kills.
Your touch may inflict irresistible damage on your foes.


Message History

The yak bellows!
The yak moves out of view.
The yak bellows! x2
There is an open door here.
You see here 18 gold pieces.
There is an open door here.
You hit the yak. You burn the yak.
You touch the yak!
The yak is heavily wounded.
The yak gores you! The yak gores you but does no damage.
You hit the yak. You burn the yak.
You touch the yak!
The yak is almost dead.
The yak gores you! The yak gores you.
You hit the yak. You burn the yak.
You kill the yak!
The yak closely misses you.
You feel your dexterity returning.
Your Dodging skill increases to level 4!
The yak attacks as you move away! The yak gores you!
You barely miss the yak. You slash the yak! You burn the yak!
The yak is heavily wounded.
The yak gores you but does no damage.
You closely miss the yak.
The yak is heavily wounded.
The yak barely misses you. The yak closely misses you.
You slice the yak!! You burn the yak.
You kill the yak!
The yak completely misses you. The yak gores you!
* * * LOW HITPOINT WARNING * * *
You feel your strength returning.
Your Long Blades skill increases to level 5!
Your Conjurations skill increases to level 4!
You slash the yak! You burn the yak.
You touch the yak!
The yak is heavily wounded.
The yak gores you!
* * * LOW HITPOINT WARNING * * *
A demonic guardian appears!
The yak attacks as you move away! The yak gores you!
You die...

#.................
#.................
#................. ####
#...............###..?.
##..............##..?...
##...............#......
####.†)..........####....
..)..#....÷....5.###...#
######....[.....@Y.#..[#
#...........#.'$..#
#....##########..=#
####....# #...#
###.......# ##.... #
........### ###...... #
###.....# #.##...... ##
..##.######## #..###..(.
###. #...........#
#....##### #..)


You could see a yak (ally target) and a friendly iron imp (summoned).

Vanquished Creatures
  The ghost of Plasmagod the Cleaver, a novice FoFi of Trog (D:4)
  The ghost of Lymetel the Cleaver, an amateur MiCK of Xom (D:4)
  5 yaks (D:6)
  Edmund (D:5)
  An ice beast (D:5)
  A sky beast (D:6)
  A black bear (D:5)
  An ogre (D:6)
  2 phantoms
  The ghost of
  112233 the Gusty, an amateur FeAE (D:4)
  3 scorpions
  A howler monkey (D:4)
  3 jellies (D:6)
  A hound (D:4)
  A gnoll bouda (D:5)
  2 iguanas (D:6)
  3 orc wizards
  Ijyb (D:5)
  12 gnolls
  6 adders
  2 shadow imps (D:6)
  An ufetubus (D:6)
  4 worms
  15 orcs
  6 ball pythons
  4 bats
  6 endoplasms
  2 giant cockroaches (D:3)
  11 goblins
  6 hobgoblins
  6 jackals
  5 kobolds
  6 quokkas
  4 frilled lizards
  9 rats
135 creatures vanquished.

Vanquished Creatures (others)
  12 fungi (D:6)
12 creatures vanquished.

Grand Total: 147 creatures vanquished

Notes
Turn   | Place    | Note
-------+----------+-------------------------------------------
     0 | D:1      | Revguard the Demonspawn Cinder Acolyte began the quest for
                  | the Orb.
     0 | D:1      | Reached XP level 1. HP: 18/18 MP: 2/2
   445 | D:1      | Gained mutation: A weak demonic guardian rushes to your
                  | aid. [demonic ancestry]
   445 | D:1      | Reached XP level 2. HP: 22/24 MP: 3/3
  1021 | D:1      | Learned a level 2 spell: Scorch
  1257 | D:1      | Found a faded altar of an unknown god.
  1701 | D:2      | Gained mutation: You regenerate a little health from kills.
                  | [demonic ancestry]
  1701 | D:2      | Reached XP level 3. HP: 29/29 MP: 4/4
  2165 | D:2      | Reached skill level 1 in Armour
  2246 | D:2      | Identified a scroll of acquirement
  2246 | D:2      | Acquired the +7 long sword of Nas Eluz {flame, rN+}
  2477 | D:2      | Reached skill level 1 in Dodging
  2941 | D:3      | Reached XP level 4. HP: 23/35 MP: 6/6
  3168 | D:3      | Found an iron altar of Okawaru.
  3604 | D:3      | Found a blossoming altar of Fedhas.
  3726 | D:3      | Found an opulent altar of Gozag.
  4017 | D:4      | Gained mutation: Your touch may inflict minor irresistible
                  | damage on your foes. [demonic ancestry]
  4017 | D:4      | Reached XP level 5. HP: 29/41 MP: 7/7
  4095 | D:4      | Reached skill level 1 in Conjurations
  4142 | D:4      | You fall into a shaft and drop 1 floor!
  4142 | D:5      | Entered Level 5 of the Dungeon
  4152 | D:5      | Found a burning altar of Makhleb.
  4157 | D:5      | Noticed an ice beast
  4167 | D:5      | Killed an ice beast
  4168 | D:5      | Reached skill level 1 in Evocations
  4168 | D:5      | Gained mutation: Your touch may inflict irresistible damage
                  | on your foes. [demonic ancestry]
  4168 | D:5      | Reached XP level 6. HP: 48/48 MP: 9/9
  4232 | D:5      | Noticed Edmund
  4240 | D:5      | Killed Edmund
  4397 | D:5      | Found a staircase to the Ecumenical Temple.
  4437 | Temple   | Entered the Ecumenical Temple
  4692 | D:5      | Reached XP level 7. HP: 43/54 MP: 10/10
  4924 | D:5      | Noticed Ijyb
  4927 | D:5      | Killed Ijyb
  5288 | D:5      | Found a sacrificial altar of Ru.
  5816 | D:4      | Learned a level 3 spell: Conjure Flame
  5821 | D:4      | Learned a level 4 spell: Sticky Flame
  5934 | D:4      | Found a runed translucent gate.
  5934 | D:4      | Found a runed translucent gate.
  5934 | D:4      | Found a runed translucent gate.
  5936 | D:4      | Noticed 112233's ghost (amateur FeAE)
  5936 | D:4      | Noticed Plasmagod's ghost (novice FoFi)
  5937 | D:4      | Noticed Lymetel's ghost (amateur MiCK)
  5950 | D:4      | Killed Plasmagod's ghost
  5951 | D:4      | Reached XP level 8. HP: 36/61 MP: 12/12
  5958 | D:4      | Killed Lymetel's ghost
  5961 | D:4      | Killed 112233's ghost
  6355 | D:6      | Reached skill level 5 in Fighting
  6620 | D:6      | Reached XP level 9. HP: 42/68 MP: 14/14
  6812 | D:6      | Reached skill level 5 in Long Blades
  6813 | D:6      | Slain by a yak

Illustrated notes

Levels and vault maps discovered:
D:1:      minmay_arrival_split_and_join, layout_basic,
          shapermc_ecumenical_altar_mp_vishouse
D:2:      layout_loops_corners, minmay_puff
D:3:      layout_basic, lemuel_coloured_pillars_altar, minitemple,
          hex_intersection
D:4:      layout_basic, gammafunk_ghost_cemetery
D:5:      layout_loops_ring, nicolae_ru_sacrificial_ziggurat, bloody_makhleb,
          temple_pool_b, uniq_edmund, uniq_ijyb
D:6:      layout_basic, serial_aquarium, aquarium_bridge_long_separate
          [aquarium_subvault_bridge, aquarium_subvault_bridge,
          aquarium_subvault_wall, aquarium_subvault_bridge,
          aquarium_subvault_wall, aquarium_subvault_bridge],
          aquarium_bridge_straight [aquarium_subvault_bridge,
          aquarium_subvault_window, aquarium_subvault_bridge,
          aquarium_subvault_wall], aquarium_window_1, aquarium_window_3,
          aquarium_view_2d, aquarium_view_2c, aquarium_pool_split,
          grunt_potential
Temple:   nicolae_temple_bog_church

Skill      XL: |  1  2  3  4  5  6  7  8  9 |
---------------+----------------------------+-----
Long Blades    | 3 4 5 |  5.0
Armour         | 1 2 3 4 |  4.1
Fire Magic     | 3 4 |  4.9
Dodging        | 1 2 3 4 |  4.0
Spellcasting   | 2 3 4 |  4.1
Conjurations   | 1 2 3 4 |  4.1
Evocations     | 1 2 3 |  3.9
Fighting       | 4 5 |  5.5

Action                   |  1- 3 |  4- 6 |  7- 9 || total
-------------------------+-------+-------+-------++-------
Melee: Falchion          |   151 |       |       ||   151
       Punch             |     2 |     1 |       ||     3
       Long sword        |    22 |    69 |   136 ||   227
       Touch             |       |     6 |    23 ||    29
 Cast: Scorch            |       |       |     4 ||     4
Invok: Fiery Armour      |       |       |     1 ||     1
Evoke: Wand              |       |       |     1 ||     1
  Use: Scroll            |    14 |       |     3 ||    17
       Potion            |     2 |     1 |     5 ||     8
 Stab: Sleeping          |       |       |     1 ||     1
Armor: Ring mail         |    59 |    46 |    55 ||   160
       Robe              |     4 |       |       ||     4
Dodge: Dodged            |    94 |    65 |    86 ||   245
